[Event "23rd Int. Tournament "]
[Site "?"]
[Date "2015.09.02"]
[Round "7.2"]
[White "Kouskoutis, Georgios-Alexandro"]
[Black "Tsiros, Fragkiskos Vlasios"]
[Result "1-0"]
[ECO "B09"]
[WhiteElo "2128"]
[BlackElo "2216"]
[PlyCount "161"]
[EventDate "2015.08.27"]
[TimeControl "120+26"]
[WhiteClock "0:00:03"]
[BlackClock "0:00:02"]

1. e4 d6 2. d4 Nf6 3. Nc3 g6 4. f4 Bg7 5. Nf3 c5 6. Bd3 cxd4 7. Nxd4 O-O 8. Qe2
Bg4 9. Qf2 Qb6 10. Nb3 Qxf2+ 11. Kxf2 Nc6 12. h3 Be6 13. Bd2 a6 14. g4 Nb4 15.
Nc1 d5 16. e5 Nd7 17. a3 Nxd3+ 18. Nxd3 f6 19. exf6 Bxf6 20. Ne2 Rac8 21. c3
Rc4 22. Be3 Bh4+ 23. Kf3 d4 24. Bxd4 Bd5+ 25. Ke3 Bxh1 26. Rxh1 Bf6 27. Kd2 Re8
28. Re1 e5 29. fxe5 Bh4 30. Rf1 Bg5+ 31. Kc2 Rc6 32. Ng3 Bh6 33. Re1 Bg7 34.
Re2 b6 35. b4 Nf8 36. Ne4 Ne6 37. Kb2 Re7 38. Nf6+ Kh8 39. Rf2 Rf7 40. Re2 Nxd4
41. cxd4 Bxf6 42. exf6 Rcxf6 43. Ne5 Rc7 44. Rd2 Kg7 45. Kb3 b5 46. a4 Rd6 47.
Rd3 Rc8 48. a5 Rc1 49. Kb2 Rc8 50. Kb3 Rd5 51. Rd2 Kf6 52. h4 Ke6 53. Re2 Kd6
54. Nf7+ Kd7 55. Ne5+ Kc7 56. Re4 Re8 57. Rf4 Re7 58. Kc3 Rd6 59. g5 Rde6 60.
Rf8 Kb7 61. Kd3 Rc7 62. Ke4 Ree7 63. Kd5 Rc1 64. Rf6 Rb1 65. Rb6+ Kc8 66. Rxa6
Rxb4 67. Nc6 Rd7+ 68. Kc5 Rc4+ 69. Kxb5 Rdxd4 70. Ra8+ Kc7 71. Ra7+ Kc8 72.
Nxd4 Rxd4 73. Rxh7 Rd1 74. a6 Rb1+ 75. Kc6 Rc1+ 76. Kd6 Kb8 77. Ke6 Rc6+ 78.
Kf7 Rxa6 79. Rh6 Kc8 80. Rxg6 Ra7+ 81. Kg8 1-0

[Event "23rd Int. Tournament "]
[Site "?"]
[Date "2015.09.02"]
[Round "7.3"]
[White "Gazis, Efstathios"]
[Black "Drakoulakos, Grigorios"]
[Result "0-1"]
[ECO "B97"]
[WhiteElo "2146"]
[BlackElo "2233"]
[PlyCount "108"]
[EventDate "2015.08.27"]
[TimeControl "120+37"]
[WhiteClock "0:00:08"]
[BlackClock "0:00:05"]

1. e4 c5 2. Nf3 d6 3. d4 cxd4 4. Nxd4 Nf6 5. Nc3 a6 6. Bg5 e6 7. f4 Qb6 8. Nb3
Nbd7 9. Be2 Be7 10. Qd2 O-O 11. Bf3 h6 12. h4 Qc7 13. g4 Rb8 14. O-O-O b5 15.
Bxf6 Nxf6 16. g5 b4 17. Ne2 Nh7 18. Kb1 a5 19. Nbd4 Kh8 20. Rhg1 Bd7 21. Bg4
Qc8 22. Bh3 a4 23. Nc1 a3 24. f5 axb2 25. Ncb3 Ra8 26. Kxb2 Qc3+ 27. Qxc3 bxc3+
28. Kxc3 hxg5 29. fxe6 fxe6 30. e5 dxe5 31. Nxe6 Bxe6 32. Bxe6 gxh4 33. Kb2 Rf2
34. Rd2 Rxd2 35. Nxd2 Rb8+ 36. Bb3 Ng5 37. Kc1 Nh3 38. Re1 Bf6 39. Nf3 g5 40.
Nxe5 Kg7 41. Ng4 Nf4 42. a4 Nd3+ 43. cxd3 Rxb3 44. Re6 Bd4 45. Kc2 Rb2+ 46. Kd1
Rg2 47. Re4 Bc3 48. Rc4 h3 49. a5 Rxg4 50. Rxg4 h2 51. Kc2 Bf6 52. a6 h1=Q 53.
Ra4 Qc6+ 54. Kb3 Qb5+ 0-1

[Event "23rd Int. Tournament "]
[Site "?"]
[Date "2015.09.02"]
[Round "7.4"]
[White "Pountzas, Hrisanthos"]
[Black "Kapnisis, Spyridon"]
[Result "0-1"]
[ECO "A46"]
[WhiteElo "2128"]
[BlackElo "2455"]
[PlyCount "84"]
[EventDate "2015.08.27"]
[TimeControl "120+19"]
[WhiteClock "0:00:12"]
[BlackClock "0:00:14"]

1. d4 Nf6 2. Nf3 e6 3. g3 b5 4. Bg2 d5 5. O-O Nbd7 6. Nbd2 Be7 7. e4 O-O 8. Ne5
Bb7 9. exd5 Nxd5 10. c4 bxc4 11. Ndxc4 c5 12. Bd2 cxd4 13. Ba5 Qe8 14. Qxd4 Ba6
15. Rfe1 Bc5 16. Qd2 N7b6 17. b3 Rd8 18. Red1 f6 19. Nd3 Bd4 20. Rac1 Nxc4 21.
bxc4 Nb6 22. Qb4 e5 23. Nc5 Bc8 24. Nb7 Bxb7 25. Bxb7 Rb8 26. Bg2 Kh8 27. c5
Na4 28. Qe1 Rb2 29. Rd2 Rxd2 30. Qxd2 Nxc5 31. Bb4 Qb5 32. Bxc5 Bxc5 33. Qd5
Bxf2+ 34. Kh1 Qb2 35. Rf1 Bd4 36. Qd6 Qb8 37. Qe6 Re8 38. Qf5 Qc8 39. Qh5 g6
40. Qh6 Qe6 41. a4 e4 42. Rb1 Qe7 0-1

[Event "23rd Int. Tournament "]
[Site "?"]
[Date "2015.09.02"]
[Round "7.5"]
[White "Nikolaou, Spiridon"]
[Black "Nikolaou, Georgios"]
[Result "*"]
[ECO "B47"]
[WhiteElo "2096"]
[BlackElo "2317"]
[PlyCount "67"]
[EventDate "2015.08.27"]
[TimeControl "120+18"]
[WhiteClock "0:00:08"]
[BlackClock "0:00:07"]

1. e4 c5 2. Nf3 e6 3. d4 cxd4 4. Nxd4 Nc6 5. Nxc6 bxc6 6. Bd3 d5 7. O-O Qc7 8.
Nc3 Nf6 9. Re1 Be7 10. Bg5 h6 11. Bd2 d4 12. Na4 Bd6 13. h3 O-O 14. c3 c5 15.
Rc1 Qb8 16. Qe2 e5 17. b3 Bd7 18. cxd4 cxd4 19. Nc5 Bxc5 20. Rxc5 Qd6 21. Rec1
Rfc8 22. Bb4 Qb6 23. Qd2 Rxc5 24. Bxc5 Qb7 25. f3 Rc8 26. Bd6 Rxc1+ 27. Qxc1
Bb5 28. Bxb5 Qxb5 29. a4 Qxb3 30. Qc8+ Kh7 31. Qf5+ Kg8 32. Qc8+ Kh7 33. Qf5+
Kg8 34. Qc8+ *

[Event "23rd Int. Tournament "]
[Site "?"]
[Date "2015.09.02"]
[Round "7.6"]
[White "Delithanasis, Dimitrios"]
[Black "Zygouris, Hristos"]
[Result "0-1"]
[ECO "D97"]
[WhiteElo "2105"]
[BlackElo "2210"]
[PlyCount "134"]
[EventDate "2015.08.27"]
[TimeControl "120+23"]
[WhiteClock "0:00:03"]
[BlackClock "0:00:21"]

1. d4 Nf6 2. c4 g6 3. Nc3 d5 4. Nf3 Bg7 5. Qb3 dxc4 6. Qxc4 O-O 7. e4 Na6 8.
Be2 c5 9. d5 e6 10. O-O exd5 11. exd5 Re8 12. Be3 Bf5 13. Rad1 Rxe3 14. fxe3
Ng4 15. e4 Ne3 16. Qd3 Nxd1 17. Rxd1 Bg4 18. Qb5 Bxf3 19. Bxf3 Bd4+ 20. Kh1 Nc7
21. Qb3 Rb8 22. Ne2 Be5 23. Qe3 Qd6 24. b4 cxb4 25. Qxa7 Nb5 26. Qg1 Ra8 27.
Rd2 h5 28. Rc2 Kg7 29. h3 Ra3 30. Qc5 Rxa2 31. Qxd6 Ra1+ 32. Rc1 Rxc1+ 33. Nxc1
Bxd6 34. Nb3 Kf6 35. Kg1 Bg3 36. Kf1 Nc3 37. Nc5 Ke5 38. Nd3+ Kd4 39. Nxb4 Nxe4
40. Nc2+ Kxd5 41. Ke2 f5 42. Kd3 Ke5 43. Na3 h4 44. Nc4+ Kf4 45. Nd2 Nxd2 46.
Kxd2 b5 47. Bc6 b4 48. Bd5 g5 49. Kd3 Be1 50. Be6 Ke5 51. Bb3 g4 52. hxg4 fxg4
53. Ke3 Bc3 54. Bd1 Kf5 55. Bc2+ Kg5 56. Ke4 Bd2 57. Bd1 Bf4 58. Bb3 Bd6 59.
Bc4 Kf6 60. Bb3 g3 61. Kf3 Ke5 62. Ke2 Kd4 63. Be6 Kc3 64. Kd1 Bf4 65. Bd7 b3
66. Bf5 Kb2 67. Be6 Ka1 0-1

[Event "23rd Int. Tournament "]
[Site "?"]
[Date "2015.09.02"]
[Round "7.7"]
[White "Roinos, Ilias"]
[Black "Alexakis, Dimitrios"]
[Result "1/2-1/2"]
[ECO "B01"]
[WhiteElo "2055"]
[BlackElo "2197"]
[PlyCount "142"]
[EventDate "2015.08.27"]
[TimeControl "120+11"]
[WhiteClock "0:00:03"]
[BlackClock "0:00:01"]

1. e4 d5 2. exd5 Qxd5 3. Nc3 Qa5 4. d4 Nf6 5. Bc4 c6 6. Nf3 Bf5 7. Bd2 e6 8.
Qe2 Bb4 9. a3 Bxc3 10. Bxc3 Qc7 11. O-O Nbd7 12. Rfe1 O-O 13. Bb3 a5 14. Bd2
Rfe8 15. Bg5 a4 16. Ba2 Ne4 17. Be3 h6 18. Rad1 b5 19. c3 Rad8 20. Bc1 Nef6 21.
Nh4 Be4 22. f4 Nf8 23. Qf2 Ng6 24. Nf3 Bd5 25. Bb1 Nxf4 26. Ne5 Ng6 27. Nxg6
fxg6 28. Bxg6 Rf8 29. Qh4 Nh7 30. Rd3 Rf6 31. Rg3 Rdf8 32. Qh5 Bc4 33. Bd3 Bxd3
34. Rxd3 Qf7 35. Qxf7+ R8xf7 36. Rde3 Nf8 37. c4 Rf5 38. cxb5 cxb5 39. Rc3 Rf2
40. Rc5 R2f5 41. Be3 Ng6 42. Rec1 Ne7 43. Rxf5 Rxf5 44. Rc5 Kf7 45. g4 Rd5 46.
Kf2 Ke8 47. Kf3 Kd7 48. Ke4 Ke8 49. Bf4 Kf7 50. Rc7 Ke8 51. Be5 g6 52. Bf6 Ng8
53. Be5 Ne7 54. Rb7 Kf7 55. Kd3 Ke8 56. Kc3 Nc6 57. Bf6 h5 58. h3 hxg4 59. hxg4
Kf8 60. Rg7 Nxd4 61. Bxd4 Rxd4 62. Rxg6 Re4 63. Kd3 Re1 64. Rg5 e5 65. Rg6 e4+
66. Kd2 Rb1 67. Kc2 Rg1 68. Rg5 Rg2+ 69. Kc3 Rg3+ 70. Kd4 Rb3 71. Kxe4 Rxb2
1/2-1/2

[Event "23rd Int. Tournament "]
[Site "?"]
[Date "2015.09.02"]
[Round "7.8"]
[White "Trimitzios, Petros"]
[Black "Grigoriadis, Alexandros"]
[Result "0-1"]
[ECO "E63"]
[WhiteElo "2006"]
[BlackElo "2153"]
[PlyCount "86"]
[EventDate "2015.08.27"]
[TimeControl "120+19"]
[WhiteClock "0:00:28"]
[BlackClock "0:00:47"]

1. d4 g6 2. c4 Bg7 3. Nf3 d6 4. g3 Nf6 5. Bg2 O-O 6. O-O Nc6 7. Nc3 a6 8. h3
Rb8 9. e4 b5 10. cxb5 axb5 11. e5 Ne8 12. Ng5 Na5 13. b4 Nc4 14. f4 e6 15. a3
Bb7 16. Re1 Bxg2 17. Kxg2 d5 18. Rh1 Rb6 19. h4 f6 20. Nf3 h5 21. Qd3 f5 22.
Be3 Bh6 23. Kf2 c6 24. Rhb1 Qb8 25. Ne1 Nc7 26. Qc2 Rd8 27. Nd3 Bf8 28. Ne2 Ra6
29. a4 bxa4 30. Nc5 Bxc5 31. bxc5 Qa7 32. Rh1 Kg7 33. Rag1 Ne8 34. g4 fxg4 35.
f5 exf5 36. Bg5 Rb8 37. Qc1 Rb2 38. Bh6+ Kh7 39. Qg5 Qf7 40. Rb1 a3 41. Rxb2
axb2 42. Nf4 Ra1 43. e6 Qf6 0-1

[Event "23rd Int. Tournament "]
[Site "?"]
[Date "2015.09.02"]
[Round "7.9"]
[White "Kostouros, Alexandros"]
[Black "Poulopoulos, Ioannis"]
[Result "1/2-1/2"]
[ECO "B22"]
[WhiteElo "2082"]
[BlackElo "2133"]
[PlyCount "138"]
[EventDate "2015.08.27"]
[TimeControl "120+20"]
[WhiteClock "0:00:04"]
[BlackClock "0:00:01"]

1. e4 c5 2. c3 Nf6 3. e5 Nd5 4. d4 cxd4 5. cxd4 d6 6. Nf3 e6 7. Bd2 Bd7 8. Nc3
Bc6 9. Be2 Nd7 10. O-O Be7 11. Nxd5 Bxd5 12. Bb4 dxe5 13. Bxe7 Qxe7 14. Bb5 O-O
15. dxe5 Bxf3 16. Qxf3 Nxe5 17. Qe4 Ng6 18. Rfe1 Rfd8 19. Re3 Rac8 20. Bd3 b6
21. Rae1 Qc5 22. Qa4 Qe7 23. Bxg6 hxg6 24. R3e2 Rc5 25. g3 a5 26. a3 Rcd5 27.
b4 Qd7 28. Qxd7 R8xd7 29. bxa5 bxa5 30. Kg2 Kf8 31. Re4 g5 32. Ra4 Rc7 33. Re2
Rc3 34. h3 Ke7 35. Rb2 f5 36. Rb7+ Kf6 37. Rb2 Ke5 38. Rb7 Kf6 39. Rb2 Ke5 40.
Rb7 g6 41. Rb2 f4 42. Re2+ Kf5 43. f3 e5 44. Rf2 Ke6 45. Re2 Kd6 46. Rf2 Kc6
47. gxf4 gxf4 48. h4 Kb5 49. Re4 Rxa3 50. Rfe2 a4 51. Rxe5 Rad3 52. Rb2+ Kc4
53. Re6 a3 54. Rc6+ Kd4 55. Rb4+ Ke3 56. Re6+ Kd2 57. Rxg6 Ra5 58. Rg5 Ra8 59.
Kh3 a2 60. Rg2+ Ke3 61. Re4+ Kxf3 62. Ree2 Re3 63. Rxa2 Rh8 64. Ra4 Rd3 65.
Rga2 Ke3 66. R4a3 Rhd8 67. h5 f3 68. Rxd3+ Rxd3 69. Kg3 Ke4 1/2-1/2

[Event "23rd Int. Tournament "]
[Site "?"]
[Date "2015.09.02"]
[Round "7.10"]
[White "Kordis, Konstantinos"]
[Black "Sidiropoulos, Nikolaos"]
[Result "1-0"]
[ECO "B06"]
[WhiteElo "2205"]
[BlackElo "2005"]
[PlyCount "53"]
[EventDate "2015.08.27"]
[TimeControl "120+16"]
[WhiteClock "0:00:21"]
[BlackClock "0:00:51"]

1. e4 g6 2. d4 Bg7 3. Nc3 c6 4. h3 d6 5. f4 Nf6 6. Nf3 O-O 7. Bd3 b5 8. a3 a6
9. O-O Nbd7 10. e5 Ne8 11. Qe1 Nc7 12. Ne4 c5 13. Neg5 e6 14. Nxh7 Kxh7 15.
Ng5+ Kg8 16. Qh4 Re8 17. Qh7+ Kf8 18. Nxf7 Nf6 19. Qxg6 Qe7 20. Ng5 Kg8 21.
exf6 Qxf6 22. dxc5 dxc5 23. Qh5 Re7 24. Be3 Bb7 25. Bxc5 Nd5 26. Rae1 Nxf4 27.
Qh7+ 1-0

[Event "23rd Int. Tournament "]
[Site "?"]
[Date "2015.09.02"]
[Round "7.11"]
[White "Kotrotsos, Vasilios"]
[Black "Vazelakis, Dimitrios"]
[Result "1-0"]
[ECO "E76"]
[WhiteElo "2273"]
[BlackElo "2004"]
[PlyCount "67"]
[EventDate "2015.08.27"]
[TimeControl "120+24"]
[WhiteClock "0:00:29"]
[BlackClock "0:00:37"]

1. d4 Nf6 2. c4 g6 3. Nc3 Bg7 4. e4 d6 5. f4 O-O 6. Be2 Na6 7. Nf3 e5 8. fxe5
dxe5 9. d5 Nc5 10. Bg5 h6 11. Bxf6 Qxf6 12. b4 Nd7 13. c5 Qf4 14. g3 Qe3 15.
Qd2 Qxd2+ 16. Kxd2 f5 17. Bd3 Nf6 18. Ke3 fxe4 19. Bxe4 Nxe4 20. Nxe4 Bg4 21.
Rhf1 a5 22. b5 a4 23. a3 Bd7 24. Rab1 Ra5 25. c6 bxc6 26. dxc6 Bf5 27. b6 cxb6
28. Rfc1 h5 29. h4 Bh6+ 30. Nfg5 Bxg5+ 31. hxg5 Bxe4 32. Kxe4 b5 33. Rc5 Rc8
34. Kxe5 1-0

[Event "23rd Int. Tournament "]
[Site "?"]
[Date "2015.09.02"]
[Round "7.12"]
[White "Spyropoulos, Nikolaos"]
[Black "Markantonaki, Haritomeni"]
[Result "1/2-1/2"]
[ECO "B47"]
[WhiteElo "1993"]
[BlackElo "2228"]
[PlyCount "112"]
[EventDate "2015.08.27"]
[TimeControl "120+14"]
[WhiteClock "0:00:26"]
[BlackClock "0:00:06"]

1. e4 c5 2. Nf3 Nc6 3. d4 cxd4 4. Nxd4 e6 5. Nc3 Qc7 6. f4 a6 7. Nxc6 Qxc6 8.
Bd3 b5 9. Qe2 Bb7 10. Bd2 Bc5 11. O-O-O Ne7 12. a3 O-O 13. g4 b4 14. axb4 Bxb4
15. f5 a5 16. f6 gxf6 17. Qf2 a4 18. Qxf6 a3 19. b3 Ng6 20. h4 Be7 21. Qf2 Ne5
22. Be2 Ba6 23. Kb1 Bxe2 24. Qxe2 Bb4 25. Na2 Bxd2 26. Qxd2 f6 27. g5 f5 28.
exf5 Rxf5 29. Rhf1 Nf3 30. Qd3 Rc8 31. Nb4 Qb7 32. Na2 Rcf8 33. Ka1 Nxh4 34.
Rh1 Rd5 35. Qh3 Rxd1+ 36. Rxd1 Qe4 37. Qd3 Qe5+ 38. Qc3 Qe2 39. Qd3 Qxd3 40.
cxd3 Nf3 41. Nc3 Nxg5 42. Ka2 Ra8 43. Rg1 h6 44. Ne4 Ra5 45. b4 Rf5 46. Kxa3
Kf8 47. Ka4 Ke7 48. b5 Rf4 49. b6 Nxe4 50. dxe4 Rxe4+ 51. Ka5 Re2 52. b7 Ra2+
53. Kb6 Rb2+ 54. Ka7 Ra2+ 55. Kb6 Rb2+ 56. Ka7 Ra2+ 1/2-1/2

[Event "23rd Int. Tournament "]
[Site "?"]
[Date "2015.09.03"]
[Round "8.1"]
[White "Karagiannis, Athanasios"]
[Black "Kouskoutis, Georgios-Alexandro"]
[Result "1/2-1/2"]
[ECO "D32"]
[WhiteElo "2232"]
[BlackElo "2128"]
[PlyCount "137"]
[EventDate "2015.08.27"]
[TimeControl "120+29"]
[WhiteClock "0:00:02"]
[BlackClock "0:00:01"]

1. d4 Nf6 2. c4 e6 3. Nf3 c5 4. e3 a6 5. Nc3 d5 6. cxd5 exd5 7. dxc5 Bxc5 8.
Be2 O-O 9. O-O Nc6 10. a3 d4 11. exd4 Nxd4 12. Bg5 h6 13. Bxf6 Nxe2+ 14. Qxe2
Qxf6 15. Qc4 Qc6 16. Qh4 Re8 17. Rac1 Bf8 18. Rfd1 Qg6 19. Nd5 Bg4 20. Qg3 Rad8
21. Ne3 Bh5 22. Rxd8 Rxd8 23. Qh4 Re8 24. g4 Rxe3 25. fxe3 Qe4 26. Nd2 Qxe3+
27. Qf2 Qxf2+ 28. Kxf2 Bxg4 29. Rc7 b6 30. Ra7 a5 31. Ra8 Be6 32. Nf3 f6 33.
Nd4 Bd5 34. Rd8 Ba2 35. Nf5 Kf7 36. Nd6+ Bxd6 37. Rxd6 b5 38. b4 axb4 39. axb4
g5 40. Ke3 h5 41. Rb6 Bc4 42. Rc6 h4 43. Ke4 Bf1 44. Rc7+ Kg6 45. Rc1 Bg2+ 46.
Ke3 f5 47. Rc5 Bf1 48. Rc6+ Kh5 49. Rc1 Bc4 50. Rd1 Bb3 51. Rg1 Bd5 52. Kd4 Be4
53. Ke5 h3 54. Rc1 Kg4 55. Rf1 Bf3 56. Rg1+ Bg2 57. Rc1 f4 58. Ra1 f3 59. Ra2
Kh4 60. Kf5 Bf1 61. Rd2 Be2 62. Rd4+ Kh5 63. Rd8 Kh6 64. Kf6 Kh7 65. Rd7+ Kg8
66. Rd8+ Kh7 67. Rd7+ Kg8 68. Rd8+ Kh7 69. Rd7+ 1/2-1/2

[Event "23rd Int. Tournament "]
[Site "?"]
[Date "2015.09.03"]
[Round "8.2"]
[White "Kapnisis, Spyridon"]
[Black "Zygouris, Hristos"]
[Result "1-0"]
[ECO "C47"]
[WhiteElo "2455"]
[BlackElo "2210"]
[PlyCount "47"]
[EventDate "2015.08.27"]
[TimeControl "120+19"]
[WhiteClock "0:00:21"]
[BlackClock "0:00:01"]

1. e4 e5 2. Nf3 Nf6 3. Nc3 Nc6 4. Be2 d5 5. exd5 Nxd5 6. O-O Nxc3 7. bxc3 Bd6
8. d3 O-O 9. Ng5 Be7 10. Ne4 f5 11. Ng3 Be6 12. f4 exf4 13. Bxf4 g5 14. Bd2 Ne5
15. d4 Ng6 16. Bd3 Nh4 17. Qe2 Qd5 18. Rae1 Rf7 19. Rf2 f4 20. Nh5 f3 21. Qxe6
Qxe6 22. Rxe6 fxg2 23. Rxf7 Kxf7 24. Rxe7+ 1-0

[Event "23rd Int. Tournament "]
[Site "?"]
[Date "2015.09.03"]
[Round "8.3"]
[White "Drakoulakos, Grigorios"]
[Black "Grigoriadis, Alexandros"]
[Result "1/2-1/2"]
[ECO "B52"]
[WhiteElo "2233"]
[BlackElo "2153"]
[PlyCount "116"]
[EventDate "2015.08.27"]
[TimeControl "120+20"]
[WhiteClock "0:00:02"]
[BlackClock "0:00:06"]

1. e4 c5 2. Nf3 d6 3. Bb5+ Bd7 4. Bxd7+ Qxd7 5. O-O Nc6 6. c3 Nf6 7. Qe2 e6 8.
d4 cxd4 9. cxd4 Be7 10. Nc3 O-O 11. h3 d5 12. e5 Ne8 13. Be3 f5 14. exf6 Bxf6
15. Rad1 Nd6 16. Bg5 Nf5 17. Bxf6 gxf6 18. Rfe1 Rae8 19. Qd2 Nce7 20. Ne2 Ng6
21. Nf4 Nxf4 22. Qxf4 Qd6 23. Qd2 Qa6 24. b3 Nd6 25. Rc1 Ne4 26. Qe2 Qxe2 27.
Rxe2 Rc8 28. Rec2 Rxc2 29. Rxc2 Nd6 30. Kf1 Rc8 31. Rxc8+ Nxc8 32. Ke2 Kf7 33.
Ke3 Nd6 34. g4 Ne4 35. Ne1 Ke7 36. Nd3 b6 37. h4 h6 38. f3 Nd6 39. Nb4 a5 40.
Nd3 Nf7 41. Nb2 Kd6 42. Na4 Kc6 43. Nc3 b5 44. f4 Nd6 45. Ne2 Ne4 46. Ng1 Kd6
47. Nf3 Ke7 48. g5 Kf7 49. gxh6 Nd6 50. h5 Nf5+ 51. Kd3 Kg8 52. Nd2 b4 53. Nf1
Kh7 54. Ne3 Nxe3 55. Kxe3 Kxh6 56. f5 e5 57. dxe5 fxe5 58. f6 Kh7 1/2-1/2

[Event "23rd Int. Tournament "]
[Site "?"]
[Date "2015.09.03"]
[Round "8.4"]
[White "Nikolaou, Georgios"]
[Black "Kostouros, Alexandros"]
[Result "1-0"]
[ECO "D02"]
[WhiteElo "2317"]
[BlackElo "2082"]
[PlyCount "113"]
[EventDate "2015.08.27"]
[TimeControl "120+16"]
[WhiteClock "0:00:26"]
[BlackClock "0:00:44"]

1. Nf3 d5 2. g3 c5 3. Bg2 Nc6 4. d4 Bf5 5. O-O Nf6 6. c4 dxc4 7. Qa4 cxd4 8.
Nxd4 Qxd4 9. Bxc6+ Bd7 10. Rd1 Bxc6 11. Qxc6+ bxc6 12. Rxd4 e5 13. Rxc4 Kd7 14.
Nd2 Nd5 15. e4 Nb6 16. Rc2 f6 17. Nb3 Rc8 18. Be3 Bd6 19. Rd1 Ke6 20. Rdc1 Kd7
21. Na5 Rc7 22. Rxc6 Rhc8 23. Rxc7+ Rxc7 24. Rxc7+ Bxc7 25. Kf1 a6 26. Bxb6
Bxb6 27. Nb3 g6 28. Ke2 f5 29. f3 h5 30. Nc1 fxe4 31. fxe4 g5 32. h3 g4 33.
hxg4 hxg4 34. Nd3 Kd6 35. b4 Bd4 36. a4 Bg1 37. Nf2 Bh2 38. Nxg4 Bxg3 39. Ne3
Ke6 40. Nc4 Bh4 41. Kd2 Bf2 42. Na5 Bb6 43. Nb3 Kd6 44. Kd3 Kc6 45. Kc4 Be3 46.
Na5+ Kd6 47. Kd3 Bd4 48. Nb3 Bb6 49. Kc4 Be3 50. Nc5 Bxc5 51. bxc5+ Ke6 52. a5
Kd7 53. Kd5 Kc7 54. Kxe5 Kc6 55. Kd4 Kb5 56. e5 Kxa5 57. e6 1-0

[Event "23rd Int. Tournament "]
[Site "?"]
[Date "2015.09.03"]
[Round "8.5"]
[White "Gkikas, Hristos"]
[Black "Kotrotsos, Vasilios"]
[Result "1-0"]
[ECO "A21"]
[WhiteElo "1983"]
[BlackElo "2273"]
[PlyCount "87"]
[EventDate "2015.08.27"]
[TimeControl "120+12"]
[WhiteClock "0:00:17"]
[BlackClock "0:00:27"]

1. Nf3 f5 2. g3 Nf6 3. Bg2 g6 4. O-O Bg7 5. c4 d6 6. Nc3 O-O 7. d3 e5 8. Rb1 h6
9. e3 g5 10. Nd2 Nc6 11. Qb3 Kh8 12. c5 f4 13. cxd6 cxd6 14. Nde4 Nxe4 15. Bxe4
Bh3 16. Re1 Qd7 17. Qd1 Bg4 18. f3 Be6 19. Bxc6 bxc6 20. g4 fxe3 21. Bxe3 Rf7
22. Rf1 Raf8 23. h3 Bf6 24. Ne4 Bd5 25. Qe2 Bd8 26. Rf2 Bb6 27. b3 Bxe4 28.
dxe4 Bd4 29. Rbf1 Qe6 30. Rh2 d5 31. Bxd4 exd4 32. Qd3 Qe5 33. Re2 c5 34. Kg2
Rf4 35. exd5 Qxd5 36. Qg6 R4f6 37. Qe4 Qd6 38. Qe5 Qa6 39. Ref2 Qc6 40. Rc1 Rc8
41. Rxc5 Qxc5 42. Qxf6+ Kh7 43. Re2 Rc7 44. Re6 1-0

[Event "23rd Int. Tournament "]
[Site "?"]
[Date "2015.09.03"]
[Round "8.6"]
[White "Tsiros, Fragkiskos Vlasios"]
[Black "Nikolaou, Spiridon"]
[Result "0-1"]
[ECO "B47"]
[WhiteElo "2216"]
[BlackElo "2096"]
[PlyCount "126"]
[EventDate "2015.08.27"]
[TimeControl "120+21"]
[WhiteClock "0:00:05"]
[BlackClock "0:00:02"]

1. e4 c5 2. Nf3 e6 3. d4 cxd4 4. Nxd4 Nc6 5. Nc3 Qc7 6. Be2 a6 7. O-O b5 8.
Nxc6 Qxc6 9. e5 Bb7 10. Bf3 Qc7 11. Bxb7 Qxb7 12. Qd3 f5 13. exf6 Nxf6 14. Bg5
Be7 15. Bxf6 Bxf6 16. Ne4 Qc6 17. Nd6+ Ke7 18. Rad1 Be5 19. Ne4 Raf8 20. Qa3+
d6 21. f3 Rf5 22. Qe3 d5 23. Ng3 Bxg3 24. hxg3 Rc8 25. g4 Rf6 26. c3 Qc5 27.
Rd4 Rcf8 28. g5 Rf5 29. Re1 Qb6 30. Rd3 Rb8 31. Qxb6 Rxb6 32. f4 Rxf4 33. Rxd5
Rd6 34. Rde5 Kf7 35. b3 Rc6 36. R1e3 Rf5 37. Rxf5+ exf5 38. Kf2 Kg6 39. Ke2
Kxg5 40. Rg3+ Kf6 41. Kd3 Rd6+ 42. Kc2 g5 43. c4 g4 44. c5 Rc6 45. b4 h5 46.
Rd3 f4 47. Rd8 h4 48. Rh8 Kg5 49. Rg8+ Kf5 50. Rh8 h3 51. gxh3 g3 52. Rg8 Ke4
53. Kd2 Kf3 54. Kd3 Re6 55. Kd4 Re4+ 56. Kd5 Rc4 57. h4 Rc1 58. c6 g2 59. h5
g1=Q 60. Rxg1 Rxg1 61. h6 Rg8 62. c7 Kg4 63. Kc6 Kg5 0-1

[Event "23rd Int. Tournament "]
[Site "?"]
[Date "2015.09.03"]
[Round "8.8"]
[White "Alexakis, Dimitrios"]
[Black "Pandelidis, Ioannis"]
[Result "1/2-1/2"]
[ECO "C47"]
[WhiteElo "2197"]
[BlackElo "2114"]
[PlyCount "30"]
[EventDate "2015.08.27"]
[TimeControl "120+15"]
[WhiteClock "0:01:07"]
[BlackClock "0:01:32"]

1. e4 e5 2. Nf3 Nc6 3. d4 exd4 4. Nxd4 Nf6 5. Nc3 Bb4 6. Nxc6 bxc6 7. Bd3 d5 8.
exd5 Qe7+ 9. Qe2 Nxd5 10. Qxe7+ Bxe7 11. Nxd5 cxd5 12. Bf4 c6 13. O-O a5 14.
Rfe1 Be6 15. a4 Bf6 1/2-1/2

[Event "23rd Int. Tournament "]
[Site "?"]
[Date "2015.09.03"]
[Round "8.9"]
[White "Koutsogiannis, Efthymios"]
[Black "Gazis, Efstathios"]
[Result "0-1"]
[ECO "C15"]
[WhiteElo "1960"]
[BlackElo "2146"]
[PlyCount "78"]
[EventDate "2015.08.27"]
[TimeControl "120+44"]
[BlackClock "0:00:55"]

1. e4 e6 2. d4 d5 3. Nc3 Bb4 4. Nge2 Nc6 5. a3 Ba5 6. e5 f6 7. b4 Bb6 8. f4
fxe5 9. dxe5 a5 10. b5 Nce7 11. Nd4 Nh6 12. Be3 O-O 13. g3 c5 14. bxc6 bxc6 15.
Na4 c5 16. Nxb6 Qxb6 17. Rb1 Qd8 18. Nb5 d4 19. Bg2 Nd5 20. Bd2 Nf5 21. Qc1 Rb8
22. O-O Nde3 23. Bxe3 Nxe3 24. Nd6 Bd7 25. Re1 Nxg2 26. Kxg2 Qc7 27. Qd2 Bc6+
28. Kg1 Ba8 29. Rxb8 Rxb8 30. h4 Qc6 31. Kh2 Rb2 32. Ne4 Qa4 33. Nxc5 Qc6 34.
Re4 Qxc5 35. Rxd4 Rxc2 36. Rd8+ Kf7 37. Rd7+ Kg6 38. f5+ exf5 39. Rd6+ Kh5 0-1

[Event "23rd Int. Tournament "]
[Site "?"]
[Date "2015.09.03"]
[Round "8.10"]
[White "Poulopoulos, Ioannis"]
[Black "Roinos, Ilias"]
[Result "1-0"]
[ECO "A42"]
[WhiteElo "2133"]
[BlackElo "2055"]
[PlyCount "65"]
[EventDate "2015.08.27"]
[TimeControl "120+19"]
[WhiteClock "0:00:27"]
[BlackClock "0:00:14"]

1. d4 g6 2. c4 Bg7 3. e4 d6 4. Nc3 Nd7 5. Be3 e5 6. Nge2 Ne7 7. Qd2 O-O 8.
O-O-O exd4 9. Nxd4 Nc6 10. Nxc6 bxc6 11. Bh6 Qf6 12. Bxg7 Kxg7 13. f4 Nc5 14.
Qe3 Re8 15. Be2 Rb8 16. Bf3 Nxe4 17. Bxe4 Bf5 18. Rd2 d5 19. cxd5 cxd5 20. Nxd5
Rxe4 21. Qxe4 Bxe4 22. Nxf6 Kxf6 23. Re1 Rb4 24. b3 Bf5 25. g3 h5 26. Kb2 h4
27. Rc1 Rb7 28. Rc6+ Ke7 29. Kc3 Be4 30. Ra6 h3 31. Re2 f5 32. Rxg6 Kf7 33. Rh6
1-0

[Event "23rd Int. Tournament "]
[Site "?"]
[Date "2015.09.03"]
[Round "8.11"]
[White "Markantonaki, Haritomeni"]
[Black "Sideris, Theodoros"]
[Result "0-1"]
[ECO "B30"]
[WhiteElo "2228"]
[BlackElo "1992"]
[PlyCount "84"]
[EventDate "2015.08.27"]
[TimeControl "120+11"]
[WhiteClock "0:00:25"]
[BlackClock "0:00:22"]

1. e4 c5 2. Nf3 g6 3. Bc4 Nc6 4. c3 Bg7 5. d4 Qb6 6. d5 Na5 7. Bd3 Qc7 8. O-O
b6 9. Re1 d6 10. h3 Nf6 11. Bf4 O-O 12. e5 Nxd5 13. Bh2 dxe5 14. Nxe5 Qd8 15.
Be4 Bb7 16. Na3 f6 17. c4 Nb4 18. Nf3 Bxe4 19. Rxe4 e5 20. Qe2 Qd3 21. Qe1 Rfd8
22. Re3 Qd7 23. Qe2 Bh6 24. Rc3 Nac6 25. Bg3 a6 26. Bh4 Bg7 27. Re3 Nd4 28.
Nxd4 Qxd4 29. Re4 Qd2 30. Re1 Qxe2 31. R1xe2 Rd1+ 32. Re1 Rxe1+ 33. Rxe1 Rd8
34. Re2 Rd1+ 35. Kh2 Nc6 36. Nc2 Nd4 37. Ne3 Rd3 38. Re1 g5 39. Bg3 f5 40. Nxf5
Nxf5 41. Bxe5 Rd2 42. Kg1 Nd4 0-1